AoeStats
← sales96

Oasis

509707159Analyzed
4v4 RM · 6d ago on Sep 27, 2026· 19m 39s· 8 players
Game mode
Random Map
Map size
Large (8 player)
Population
200
Speed
Normal
Resources
Standard
Victory
Conquest
Starting age
Dark Age
Ending age
Imperial Age
RankedLock teamsTeams togetherTeam positionsShared explorationLock speedFull tech treeHidden civsTurbo modeCheats
Victory
Defeat
🇲🇽 Ethiopians · Mexico
1584
+11
🇦🇷 Varangians · Argentina
1573
+12
🇲🇽 Britons · Mexico
1547
+13
🇦🇷 Khitans · Argentina
1318
+22
🇦🇷 Varangians · Argentina
1534
-17
🇦🇷 Malay · Argentina
1526
-17
🇦🇷 Franks · Argentina
1411
-12
🇦🇷 Ethiopians · Argentina
1411
-12
sales96
6:31 Loom
9:18 Feudal Age
10:12 Double-Bit Axe
16:28 Scale Barding Armor
17:17 Horse Collar
21:57 Castle Age
Jjota
7:26 Loom
10:12 Feudal Age
Politox
6:59 Loom
9:24 Feudal Age
10:42 Double-Bit Axe
12:47 Wheelbarrow
17:48 Scale Barding Armor
18:49 Forging
luch0_ta
8:38 Loom
10:48 Feudal Age
11:21 Double-Bit Axe
15:05 Fletching
17:51 Padded Archer Armor
17:59 Horse Collar
[KOF] alexisosunag
6:29 Loom
8:50 Feudal Age
9:42 Town Watch
10:25 Double-Bit Axe
14:46 Fletching
15:38 Padded Archer Armor
hK | Anubis
6:02 Loom
8:53 Feudal Age
11:48 Fletching
[ KOF ] M. Kowalski
7:39 Loom
10:07 Feudal Age
10:36 Double-Bit Axe
11:03 Domestication
[KOF] JoakoM
6:20 Loom
8:53 Feudal Age
8:54 Loom
9:26 Double-Bit Axe
12:23 Town Watch
14:28 Bloodlines
15:34 Scale Barding Armor
21:01 Castle Age
Connection lost

Rejoining the realm…

Still unreachable

The connection could not be restored.

Session expired

The server has moved on; the page needs a fresh start.